| TOP OF THE 1ST |
|
Greenville Drive batting - Pitching for Beloit Snappers : RHP Felix Carranza
|
|
Pitching: RHP Felix Carranza
|
|
|
Batting: LHB John Buff
|
0-0: Called Strike 0-1: Ball 1-1: Ball 2-1: SINGLE (Groundball, 56D, EV 98.1 MPH)
|
|
Batting: RHB Jim Hubbard
|
0-0: Called Strike 0-1: Called Strike 0-2: Ball 1-2: Ball 2-2: Strikes out looking
|
|
Batting: LHB Eddie Contreras
|
0-0: Called Strike 0-1: Fly out, F8 (Flyball, 89D, EV 80.0 MPH)
|
|
Batting: RHB Alex Cardenas
|
0-0: Called Strike 0-1: Ball 1-1: Ball 2-1: Ball 3-1: Base on Balls John Buff to second
|
|
Batting: LHB Kevin Rolison
|
0-0: Swinging Strike 0-1: Swinging Strike 0-2: Strikes out swinging
|
| Top of the 1st over - 0 runs, 1 hit, 0 errors, 2 left on base; Greenville 0 - Beloit 0 |
| BOTTOM OF THE 1ST |
|
Beloit Snappers batting - Pitching for Greenville Drive : RHP Su-wu Yang
|
|
Pitching: RHP Su-wu Yang
|
|
|
Batting: LHB Jeremy Brammer
|
0-0: Called Strike 0-1: Foul Ball, location: 2F 0-2: Strikes out swinging
|
|
Batting: RHB Don Burt
|
0-0: Ball 1-0: Ball 2-0: Swinging Strike 2-1: Ball 3-1: SINGLE (Groundball, 34D, EV 101.9 MPH)
|
|
Batting: RHB Shannon Beck
|
0-0: Ball 1-0: Fly out, F7 (Flyball, 7, EV 87.5 MPH)
|
|
Batting: LHB Felipe Gomez
|
0-0: Ball 1-0: Foul Ball, location: 2F 1-1: Foul Ball, location: 2F 1-2: Strikes out swinging
|
| Bottom of the 1st over - 0 runs, 1 hit, 0 errors, 1 left on base; Greenville 0 - Beloit 0 |
| TOP OF THE 2ND |
|
Greenville Drive batting - Pitching for Beloit Snappers : RHP Felix Carranza
|
|
Batting: RHB Tony Nunez
|
0-0: TRIPLE (Line Drive, 9LD, EV 103.8 MPH)
|
|
Batting: RHB Ted Emmerich
|
0-0: Ball 1-0: SINGLE (Line Drive, 6D, EV 96.2 MPH) Tony Nunez scores
|
|
Batting: RHB Paul Long
|
0-0: Ball 1-0: DOUBLE (Line Drive, 9LD, EV 109.4 MPH) Ted Emmerich to third
|
|
Batting: RHB Roger Mitchell
|
0-0: Foul Ball, location: 2F 0-1: TRIPLE (Flyball, 78XD, EV 99.4 MPH) Ted Emmerich scores Paul Long scores
|
|
Batting: LHB John Buff
|
0-0: Called Strike 0-1: Ball 1-1: Ball 2-1: Ground out U3 (Groundball, 13, EV 80.6 MPH) Roger Mitchell scores
|
|
Batting: RHB Jim Hubbard
|
0-0: Foul Ball, location: 2F 0-1: Ball 1-1: Ground out 4-3 (Groundball, 34, EV 102.5 MPH)
|
|
Batting: LHB Eddie Contreras
|
0-0: Fly out, F8 (Flyball, 8LM, EV 75.6 MPH)
|
| Top of the 2nd over - 4 runs, 4 hits, 0 errors, 0 left on base; Greenville 4 - Beloit 0 |
| BOTTOM OF THE 2ND |
|
Beloit Snappers batting - Pitching for Greenville Drive : RHP Su-wu Yang
|
|
Batting: RHB Mike Gangi
|
0-0: Ball 1-0: Ball 2-0: Called Strike 2-1: Ball 3-1: Base on Balls
|
|
Batting: LHB Robert Wilkins
|
0-0: Called Strike Mike Gangi steals 2nd base 0-1: Foul Ball, location: 2F 0-2: Ball 1-2: Foul Ball, location: 2F 1-2: Ball 2-2: Strikes out looking
|
|
Batting: LHB Alan Bianchard
|
0-0: Called Strike Mike Gangi steals 3rd base 0-1: Ball 1-1: Foul Ball, location: 2F 1-2: Foul Ball, location: 2F 1-2: Ball 2-2: Ball 3-2: Fly out, F9 (Flyball, 9, EV 85.6 MPH) Runner from 3rd tags up, SCORES, no throw by RF
|
|
Batting: RHB Emiel Schlepers
|
0-0: Ball 1-0: Ball 2-0: Foul Ball, location: 2F 2-1: Ball 3-1: Ground out 4-3 (Groundball, 4, EV 86.2 MPH)
|
| Bottom of the 2nd over - 1 run, 0 hits, 0 errors, 0 left on base; Greenville 4 - Beloit 1 |
| TOP OF THE 3RD |
|
Greenville Drive batting - Pitching for Beloit Snappers : RHP Felix Carranza
|
|
Batting: RHB Alex Cardenas
|
0-0: Ball 1-0: Ball 2-0: Ball 3-0: Called Strike 3-1: Base on Balls
|
|
Batting: LHB Kevin Rolison
|
0-0: Foul Ball, location: 2F 0-1: Fielders Choice at 2nd, 4-6 (Groundball, 4M, EV 88.8 MPH)
|
|
Batting: RHB Tony Nunez
|
0-0: Called Strike 0-1: Called Strike 0-2: Ball 1-2: Foul Ball, location: 2F 1-2: SINGLE (Groundball, 4MD, EV 94.4 MPH) Kevin Rolison to second Runner from 2nd tries for 3rd, SAFE, no throw by CF
|
|
Batting: RHB Ted Emmerich
|
0-0: Called Strike Pickoff Throw to First - Out! 1-3 0-1: Called Strike 0-2: SINGLE (Line Drive, 7S, EV 94.4 MPH) Kevin Rolison scores
|
|
Batting: RHB Paul Long
|
0-0: Called Strike 0-1: Swinging Strike 0-2: Ball Ted Emmerich steals 2nd base 1-2: SINGLE (Line Drive, 7S, EV 95.6 MPH) Ted Emmerich to third Runner from 3rd tries for Home, throw by LF and OUT! 7-2
|
| Top of the 3rd over - 1 run, 3 hits, 0 errors, 1 left on base; Greenville 5 - Beloit 1 |
| BOTTOM OF THE 3RD |
|
Beloit Snappers batting - Pitching for Greenville Drive : RHP Su-wu Yang
|
|
Batting: RHB Clay Statum
|
0-0: Ball 1-0: Called Strike 1-1: Swinging Strike 1-2: Foul Ball, location: 2F 1-2: Fly out, F3 (Popup, 3SF, EV 82.5 MPH)
|
|
Batting: LHB Jeremy Brammer
|
0-0: Ball 1-0: Ball 2-0: Called Strike 2-1: Called Strike 2-2: Ball 3-2: SINGLE (Line Drive, 3D, EV 96.2 MPH)
|
|
Batting: RHB Don Burt
|
0-0: Ball Jeremy Brammer steals 2nd, throwing error, E2 Jeremy Brammer to third 1-0: Ball 2-0: Foul Ball, location: 2F 2-1: Called Strike 2-2: Fly out, F8 (Flyball, 8LD, EV 88.8 MPH) Runner from 3rd tags up, SCORES, throw by CF
|
|
Batting: RHB Shannon Beck
|
0-0: Ball 1-0: Called Strike 1-1: Swinging Strike 1-2: Ball 2-2: Ground out 4-3 (Groundball, 6, EV 85.0 MPH)
|
| Bottom of the 3rd over - 1 run, 1 hit, 1 error, 0 left on base; Greenville 5 - Beloit 2 |
| TOP OF THE 4TH |
|
Greenville Drive batting - Pitching for Beloit Snappers : RHP Felix Carranza
|
|
Batting: RHB Roger Mitchell
|
0-0: Called Strike 0-1: Called Strike 0-2: Ball 1-2: Strikes out swinging
|
|
Batting: LHB John Buff
|
0-0: Called Strike 0-1: Hit by Pitch
|
|
Pitching: LHP Alex Shannon
|
|
|
Batting: RHB Jim Hubbard
|
0-0: Ball 1-0: Ball 2-0: Called Strike 2-1: Grounds into double play, 5-4-3 (Groundball, 56, EV 110.0 MPH)
|
| Top of the 4th over - 0 runs, 0 hits, 0 errors, 0 left on base; Greenville 5 - Beloit 2 |
| BOTTOM OF THE 4TH |
|
Beloit Snappers batting - Pitching for Greenville Drive : RHP Su-wu Yang
|
|
Batting: LHB Felipe Gomez
|
0-0: Called Strike 0-1: Ball 1-1: Ball 2-1: Ball 3-1: Foul Ball, location: 2F 3-2: Foul Ball, location: 2F 3-2: Foul Ball, location: 2F 3-2: DOUBLE (Line Drive, 78M, EV 101.9 MPH)
|
|
Batting: RHB Mike Gangi
|
0-0: Ball 1-0: Ball 2-0: TRIPLE (Flyball, 9LD, EV 96.9 MPH) Felipe Gomez scores
|
|
Batting: LHB Robert Wilkins
|
0-0: Ball 1-0: Ball 2-0: Called Strike 2-1: Fly out, F8 (Line Drive, 8LM, EV 91.9 MPH) Runner from 3rd tags up, SCORES, throw by CF
|
|
Batting: LHB Alan Bianchard
|
0-0: Ball 1-0: Ball 2-0: Swinging Strike 2-1: Ball 3-1: Foul Ball, location: 2F 3-2: Base on Balls
|
|
Batting: RHB Emiel Schlepers
|
0-0: Ball 1-0: Ball 2-0: Ball 3-0: Base on Balls Alan Bianchard to second
|
|
Batting: RHB Clay Statum
|
0-0: Swinging Strike 0-1: Swinging Strike 0-2: Ball 1-2: Ball 2-2: Ball 3-2: Foul Ball, location: 2F 3-2: Strikes out looking
|
|
Pitching: RHP Jon Olivo
|
|
|
Batting: LHB Jeremy Brammer
|
0-0: Foul Ball, location: 2F 0-1: Swinging Strike 0-2: Foul Ball, location: 2F 0-2: Ball 1-2: Foul Ball, location: 2F 1-2: Foul Ball, location: 2F 1-2: Foul Ball, location: 2F 1-2: Ground out 4-3 (Groundball, 4, EV 103.1 MPH)
|
| Bottom of the 4th over - 2 runs, 2 hits, 0 errors, 2 left on base; Greenville 5 - Beloit 4 |
| TOP OF THE 5TH |
|
Greenville Drive batting - Pitching for Beloit Snappers : LHP Alex Shannon
|
|
Batting: LHB Eddie Contreras
|
0-0: Ball 1-0: Called Strike 1-1: Foul Ball, location: 2F 1-2: Ball 2-2: Ball 3-2: Foul Ball, location: 2F 3-2: Foul Ball, location: 2F 3-2: SINGLE (Line Drive, 6M, EV 104.4 MPH)
|
|
Batting: RHB Alex Cardenas
|
0-0: Ball 1-0: Ball 2-0: Swinging Strike 2-1: Swinging Strike 2-2: Foul Ball, location: 2F 2-2: Foul Ball, location: 2F 2-2: Foul Ball, location: 2F 2-2: Strikes out looking
|
|
Batting: LHB Kevin Rolison
|
0-0: Fly out, F9 (Line Drive, 9D, EV 106.9 MPH)
|
|
Batting: RHB Tony Nunez
|
0-0: Called Strike 0-1: Fly out, F7 (Flyball, 7, EV 78.1 MPH)
|
| Top of the 5th over - 0 runs, 1 hit, 0 errors, 1 left on base; Greenville 5 - Beloit 4 |
| BOTTOM OF THE 5TH |
|
Beloit Snappers batting - Pitching for Greenville Drive : RHP Jon Olivo
|
|
Batting: RHB Don Burt
|
0-0: Ball 1-0: Called Strike 1-1: Fly out, F8 (Flyball, 89D, EV 88.1 MPH)
|
|
Batting: RHB Shannon Beck
|
0-0: Ball 1-0: Foul Ball, location: 2F 1-1: Fly out, F9 (Flyball, 9, EV 83.8 MPH)
|
|
Batting: LHB Felipe Gomez
|
0-0: Called Strike 0-1: Called Strike 0-2: Ground out 4-3 (Groundball, 4, EV 76.9 MPH)
|
| Bottom of the 5th over - 0 runs, 0 hits, 0 errors, 0 left on base; Greenville 5 - Beloit 4 |
| TOP OF THE 6TH |
|
Greenville Drive batting - Pitching for Beloit Snappers : LHP Alex Shannon
|
|
Batting: RHB Ted Emmerich
|
0-0: Foul Ball, location: 2F 0-1: Ball 1-1: Ball 2-1: Swinging Strike 2-2: Foul Ball, location: 2F 2-2: Foul Ball, location: 2F 2-2: SINGLE (Line Drive, 56D, EV 95.6 MPH)
|
|
Batting: RHB Paul Long
|
0-0: Ball 1-0: Fly out, F9 (Flyball, 89M, EV 93.1 MPH)
|
|
Batting: RHB Roger Mitchell
|
0-0: Ball 1-0: Ball 2-0: SINGLE (Flyball, 3D, EV 93.8 MPH) Ted Emmerich to second
|
|
Batting: LHB John Buff
|
0-0: Fly out, F9 (Flyball, 9LSF, EV 95.0 MPH)
|
|
Batting: RHB Jim Hubbard
|
0-0: Called Strike 0-1: Swinging Strike 0-2: Ball 1-2: Foul Ball, location: 2F 1-2: Strikes out looking
|
| Top of the 6th over - 0 runs, 2 hits, 0 errors, 2 left on base; Greenville 5 - Beloit 4 |
| BOTTOM OF THE 6TH |
|
Beloit Snappers batting - Pitching for Greenville Drive : RHP Jon Olivo
|
|
Batting: RHB Mike Gangi
|
0-0: SINGLE (Groundball, 56S, EV 71.9 MPH) (infield hit)
|
|
Batting: LHB Robert Wilkins
|
0-0: Called Strike 0-1: Swinging Strike 0-2: Strikes out looking
|
|
Batting: LHB Alan Bianchard
|
0-0: Ball Mike Gangi is caught stealing 2nd base 2-6 1-0: Ball 2-0: Ball 3-0: Called Strike 3-1: Base on Balls
|
|
Batting: RHB Emiel Schlepers
|
0-0: Ball 1-0: Called Strike 1-1: Called Strike 1-2: Ground out 1-3 (Groundball, 13S, EV 61.9 MPH)
|
| Bottom of the 6th over - 0 runs, 1 hit, 0 errors, 1 left on base; Greenville 5 - Beloit 4 |
| TOP OF THE 7TH |
|
Greenville Drive batting - Pitching for Beloit Snappers : LHP Alex Shannon
|
|
Pitching: RHP John Harrell
|
|
|
Batting: LHB Eddie Contreras
|
0-0: Called Strike 0-1: Called Strike 0-2: Ball 1-2: Ball 2-2: Ground out 5-3 (Groundball, 6, EV 81.2 MPH)
|
|
Batting: RHB Alex Cardenas
|
0-0: Ball 1-0: Ball 2-0: Foul Ball, location: 2F 2-1: Ball 3-1: Base on Balls
|
|
Batting: LHB Kevin Rolison
|
0-0: Ball 1-0: Called Strike 1-1: Ball 2-1: Called Strike 2-2: Foul Ball, location: 2F 2-2: DOUBLE (Groundball, 5L, EV 105.6 MPH) Alex Cardenas to third
|
|
Pinch Runner at 2nd Carlos Guerra:
|
|
|
Batting: RHB Tony Nunez
|
0-0: Ball 1-0: Called Strike 1-1: Fly out, F7 (Flyball, 78D, EV 96.9 MPH) Runner from 3rd tags up, SCORES, throw by LF
|
|
Batting: RHB Ted Emmerich
|
0-0: Ball 1-0: Called Strike 1-1: Called Strike 1-2: Ground out 3-1 (Groundball, 34S, EV 90.0 MPH)
|
| Top of the 7th over - 1 run, 1 hit, 0 errors, 1 left on base; Greenville 6 - Beloit 4 |
| BOTTOM OF THE 7TH |
|
Beloit Snappers batting - Pitching for Greenville Drive : RHP Jon Olivo
|
|
Now in LF: Carlos Guerra
|
|
|
Batting: RHB Clay Statum
|
0-0: Ball 1-0: Foul Ball, location: 2F 1-1: Foul Ball, location: 2F 1-2: Fly out, F8 (Line Drive, 8LD, EV 87.5 MPH)
|
|
Batting: LHB Jeremy Brammer
|
0-0: Called Strike 0-1: Foul Ball, location: 2F 0-2: Ball 1-2: Strikes out looking
|
|
Batting: RHB Don Burt
|
0-0: Ball 1-0: DOUBLE (Flyball, 8LD, EV 90.6 MPH)
|
|
Batting: RHB Shannon Beck
|
0-0: DOUBLE (Line Drive, 7LM, EV 102.5 MPH) Don Burt scores
|
|
Pitching: LHP Rob Hymowitz
|
|
|
Batting: LHB Felipe Gomez
|
0-0: Ball 1-0: Called Strike 1-1: Fly out, F7 (Flyball, 7S, EV 88.8 MPH)
|
| Bottom of the 7th over - 1 run, 2 hits, 0 errors, 1 left on base; Greenville 6 - Beloit 5 |
| TOP OF THE 8TH |
|
Greenville Drive batting - Pitching for Beloit Snappers : RHP John Harrell
|
|
Batting: RHB Paul Long
|
0-0: Called Strike 0-1: Swinging Strike 0-2: Ball 1-2: Ground out 5-3 (Groundball, 5, EV 101.9 MPH)
|
|
Batting: RHB Roger Mitchell
|
0-0: Called Strike 0-1: Called Strike 0-2: Strikes out swinging
|
|
Batting: LHB John Buff
|
0-0: Ball 1-0: Ball 2-0: Ball 3-0: Foul Ball, location: 2F 3-1: Foul Ball, location: 2F 3-2: SINGLE (Groundball, 4M, EV 99.4 MPH) (infield hit)
|
|
Batting: RHB Jim Hubbard
|
0-0: Ball 1-0: Foul Ball, location: 2F 1-1: Ball John Buff steals 2nd base 2-1: Fly out, F4 (Line Drive, 4, EV 74.4 MPH)
|
| Top of the 8th over - 0 runs, 1 hit, 0 errors, 1 left on base; Greenville 6 - Beloit 5 |
| BOTTOM OF THE 8TH |
|
Beloit Snappers batting - Pitching for Greenville Drive : LHP Rob Hymowitz
|
|
Pitching: RHP Paul Carter
|
|
|
Now at 2B: Bobby Schimke
|
|
|
Now at 3B: Roger Mitchell
|
|
|
Batting: RHB Mike Gangi
|
0-0: Ball 1-0: Ball 2-0: Ball 3-0: Base on Balls
|
|
Pitching: LHP Jason Salzer
|
|
|
Pinch Hitting: SHB Ivan Barry
|
0-0: Ball 1-0: Bunted foul 1-1: Bunt missed! 1-2: Fly out, F6 (Popup, 6S, EV 38.8 MPH)
|
|
Batting: LHB Alan Bianchard
|
0-0: Ball 1-0: Fielders Choice at 2nd, 5-6 (Groundball, 6, EV 111.9 MPH)
|
|
Batting: RHB Emiel Schlepers
|
0-0: Ball 1-0: Called Strike 1-1: Swinging Strike 1-2: Foul Ball, location: 2F 1-2: Ball 2-2: Foul Ball, location: 2F 2-2: Ball 3-2: Strikes out swinging
|
| Bottom of the 8th over - 0 runs, 0 hits, 0 errors, 1 left on base; Greenville 6 - Beloit 5 |
| TOP OF THE 9TH |
|
Greenville Drive batting - Pitching for Beloit Snappers : RHP John Harrell
|
|
Pitching: RHP Tony Contreras
|
|
|
Now at 3B: Miguel Maymi
|
|
|
Batting: LHB Eddie Contreras
|
0-0: SINGLE (Groundball, 56S, EV 63.8 MPH) (infield hit)
|
|
Batting: RHB Bobby Schimke
|
0-0: Ball 1-0: Swinging Strike 1-1: Ball 2-1: Fielders Choice at 2nd, 3-6 (Groundball, 34, EV 101.9 MPH)
|
|
Batting: LHB Carlos Guerra
|
0-0: Ball 1-0: Ball 2-0: Ball 3-0: Base on Balls Bobby Schimke to second
|
|
Pinch Hitting: SHB Robert Soto
|
0-0: Ground out U3 (Groundball, 34S, EV 95.0 MPH) Bobby Schimke to third Carlos Guerra to second
|
|
Pinch Hitting: LHB Danny Montoya
|
0-0: Ground out 6-3 (Groundball, 6, EV 78.1 MPH)
|
| Top of the 9th over - 0 runs, 1 hit, 0 errors, 2 left on base; Greenville 6 - Beloit 5 |
| BOTTOM OF THE 9TH |
|
Beloit Snappers batting - Pitching for Greenville Drive : LHP Jason Salzer
|
|
Pitching: RHP Ross Ratcliffe
|
|
|
Now at 1B: Danny Montoya
|
|
|
Now at SS: Adugna Chandu
|
|
|
Batting: RHB Clay Statum
|
0-0: SINGLE (Groundball, 6MD, EV 111.2 MPH)
|
|
Batting: LHB Jeremy Brammer
|
0-0: Called Strike 0-1: Foul Ball, location: 2F 0-2: Ball 1-2: Foul Ball, location: 2F 1-2: Strikes out swinging
|
|
Batting: RHB Don Burt
|
0-0: Ball 1-0: Fly out, F9 (Flyball, 89D, EV 88.1 MPH)
|
|
Pitching: RHP Adrian Colorado
|
|
|
Batting: RHB Shannon Beck
|
0-0: Ball 1-0: Foul Ball, location: 2F 1-1: Ball 2-1: Ball 3-1: Swinging Strike 3-2: Strikes out swinging
|
| Bottom of the 9th over - 0 runs, 1 hit, 0 errors, 1 left on base; Greenville 6 - Beloit 5 |
|